 Dungeon Crawl Stone Soup version 0.29.1-1-gd02db6906a (webtiles) character file.

Game seed: 18024946035039420225

117 RascalDebosk the Conjurer (level 4, -3/24 HPs)
             Began as a Deep Elf Conjurer on Oct 5, 2022.
             Slain by a river rat (7 damage)
             ... on level 4 of the Dungeon.
             The game lasted 00:28:21 (3481 turns).

RascalDebosk the Conjurer (Deep Elf Conjurer)       Turns: 3481, Time: 00:28:21

Health: -3/24      AC:  6    Str: 10    XL:     4   Next: 71%
Magic:  2/11       EV: 13    Int: 25    God:
Gold:   138        SH:  0    Dex: 13    Spells: 1/10 levels left

rFire   . . .      SeeInvis .   r - +1 short sword (freeze)
rCold   . . .      Faith    .   (no shield)
rNeg    . . .      Spirit   .   a - +0 robe
rPois   .          Reflect  .   b - +1 helmet
rElec   .          Harm     .   n - +0 cloak
rCorr   .          Rampage  .   o - +0 pair of gloves
Will    .....                   (no boots)
Stlth   ++........              (no amulet)
HPRegen 0.08/turn               j - ring of flight
MPRegen 0.12/turn               l - +6 ring of strength

@: flying
A: no striking features
a: no special abilities


You were on level 4 of the Dungeon.
You visited 1 branch of the dungeon, and saw 4 of its levels.

You collected 192 gold pieces.
You spent 54 gold pieces at shops.

Inventory:

Hand Weapons
 d - a +0 short sword
 r - a +1 short sword of freezing (weapon)
 s - a +0 dagger
Armour
 a - a +0 robe (worn)
 b - a +1 helmet (worn)
 n - a +0 cloak (worn)
 o - a +0 pair of gloves (worn)
Jewellery
 j - a ring of flight (left hand)
 l - a +6 ring of strength (right hand)
Scrolls
 i - a scroll of identify
 m - a scroll of teleportation {unknown}
 u - a scroll of brand weapon {unknown}
 v - a scroll of poison {unknown}
 w - a scroll of enchant armour {unknown}
 x - a scroll of magic mapping {unknown}
Potions
 f - 2 potions of curing
 h - a potion of invisibility
 p - a potion of might
 t - a potion of heal wounds


   Skills:
 + Level 3.2 Dodging
 + Level 3.3 Stealth
 + Level 3.6 Spellcasting
 + Level 4.9 Conjurations
 + Level 1.8 Hexes
 + Level 1.7 Translocations
 + Level 1.2 Ice Magic


You had one spell level left.
You knew the following spells:

 Your Spells              Type           Power      Damage    Failure   Level
a - Magic Dart            Conj           100%       1d8       1%          1
b - Searing Ray           Conj           58%        2d6       1%          2
c - Ensorcelled Hibernat  Hex/Ice        24%        N/A       8%          2
d - Fulminant Prism       Conj/Hex       10%        3d9       24%         4

Your spell library contained the following spells:

 Spells                   Type           Power      Damage    Failure   Level
 Dazzling Flash           Conj/Hex       42%        N/A       7%          3
 Passwall                 Tmut/Erth      3%         N/A       14%         2
 Iskenderun's Mystic Bla  Conj/Tloc      21%        2d6       24%         4
 Swiftness                Air            4%         N/A       28%         3


Dungeon Overview and Level Annotations

Branches:
Dungeon (4/15)
 Temple: D:4-7

Altars:
Okawaru

Shops:
D:1 [   D:3 [:*!=


Message History

Aiming: Magic Dart (safe; 1% risk of failure)
Press: ? - help, Q - select action, (/) - cycle Shift-Dir - straight line, f - hound
Aim: a hound (wandering, hasn't noticed you, 100% to hit)
The magic dart hits the hound.
The hound is heavily wounded.
Aiming: Magic Dart (safe; 1% risk of failure)
Press: ? - help, Q - select action, (/) - cycle Shift-Dir - straight line, f/p - hound
Aim: a hound (heavily wounded, 100% to hit)
The magic dart hits the hound!
The hound is almost dead.
Aiming: Magic Dart (safe; 1% risk of failure)
Press: ? - help, Q - select action, (/) - cycle Shift-Dir - straight line, f/p - hound
Aim: a hound (almost dead, 100% to hit)
The magic dart hits the hound.
You kill the hound!
You now have enough gold to buy 2 potions of berserk rage on D:3.
You can access your shopping list by pressing '$'.
You now have 138 gold pieces (gained 9).
An ogre comes into view. It is wielding a +0 giant club.
Aiming: Magic Dart (safe; 1% risk of failure)
Press: ? - help, Q - select action, (/) - cycle Shift-Dir - straight line, f - ogre
Aim: an ogre, wielding a +0 giant club (wandering, hasn't noticed you, 100% to hit)
Okay, then.
Casting: Magic Dart (safe; 1% risk of failure)
Confirm with . or Enter, or press ? or * to list all spells.
Aiming: Ensorcelled Hibernation (safe; 8% risk of failure)
Press: ? - help, Shift-Dir - straight line, f - ogre
Aim: an ogre, wielding a +0 giant club (wandering, hasn't noticed you, chance to affect: 46%)
You miscast Ensorcelled Hibernation.
You are very lightly contaminated with residual magic.
Nothing appears to happen.
The ogre shouts!
You hear a shout!
Casting: Ensorcelled Hibernation (safe; 8% risk of failure)
Confirm with . or Enter, or press ? or * to list all spells.
Aiming: Ensorcelled Hibernation (safe; 8% risk of failure)
Press: ? - help, Shift-Dir - straight line, f/p - ogre
Aim: an ogre, wielding a +0 giant club (chance to affect: 46%)
The ogre looks drowsy...
Casting: Ensorcelled Hibernation (safe; 8% risk of failure)
Confirm with . or Enter, or press ? or * to list all spells.
The spell is astonishingly dangerous to miscast (24% risk of failure)!
Continue anyway?
Aiming: Fulminant Prism (astonishingly dangerous; 24% risk of failure)
Press: ? - help, Dir - move target, p - ogre You conjure a prism of explosive energy!
* * * LOW MAGIC WARNING * * *
A fulminant prism comes into view.
The ogre shouts!
Casting: Fulminant Prism (astonishingly dangerous; 24% risk of failure)
Confirm with . or Enter, or press ? or * to list all spells.
Aiming: Ensorcelled Hibernation (safe; 8% risk of failure)
Press: ? - help, Shift-Dir - straight line, f - you That would be overly suicidal.
Okay, then.
Casting: Ensorcelled Hibernation (safe; 8% risk of failure)
Confirm with . or Enter, or press ? or * to list all spells.
Aiming: Searing Ray (safe; 1% risk of failure)
Press: ? - help, Shift-Dir - straight line, f - ogre
Aim: an ogre, wielding a +0 giant club (ally target, 90% to hit)
The searing ray hits the ogre.
The ogre is moderately wounded. (Press . to maintain the ray.)
* * * LOW MAGIC WARNING * * *
Your fulminant prism crackles loudly.
The searing ray hits the ogre!
The ogre is heavily wounded.
* * * LOW MAGIC WARNING * * *
The ogre misses you.
Your fulminant prism explodes!
You hear a shout!
Without enough magic to sustain it, your searing ray dissipates.
The ogre hits you but does no damage.
Your magical contamination has completely faded away.
Really fly onto that pressure plate? [Y]es or [N]o only, please.
Really fly onto that pressure plate?
You step on to a pressure plate.
Suddenly a wall slides open! 7 river rats and 14 rats come into view.
The rat completely misses you.
You hit the rat but do no damage. The river rat misses you.
The rat closely misses you. The river rat barely misses you.
The rat closely misses you. The rat bites you but does no damage.
You hit the rat but do no damage. The rat bites you but does no damage.
The river rat bites you. The rat bites you but does no damage.
You closely miss the rat. The river rat misses you. The rat barely misses you.
The river rat bites you!
* * * LOW HITPOINT WARNING * * *
You hit the rat. You freeze the rat.
You kill the rat!
The river rat bites you.
* * * LOW HITPOINT WARNING * * *
You hit the river rat. You freeze the river rat.
The river rat is heavily wounded.
The river rat barely misses you. x2; The river rat bites you.
* * * LOW HITPOINT WARNING * * *
You hit the river rat but do no damage.
The river rat is heavily wounded.
The rat closely misses you.
The river rat twitches its whiskers.
The river rat misses you. The river rat bites you!
You die...

#........#
#........#
####........#
###....#......#
#...####.....##
### #.###
#....## #.rr#.#
##..### #.rr#r#
#..##


#rrrr@# #..# # #rrrrr# #.## ## #rrrrO# #.# ###. #.rr#.# #.# ###... #...#.# ###
###...## #####.#########...### #......##....## ###...#....### #......### You
could see an ogre, 7 river rats and 12 rats.

Vanquished Creatures
  A hound (D:4)
  Robin (D:2)
  An adder (D:3)
  4 dart slugs
  An orc (D:3)
  6 ball pythons
  4 endoplasms
  A giant cockroach (D:2)
  10 goblins
  9 hobgoblins
  3 quokkas
  4 bats
  A frilled lizard (D:2)
  4 kobolds
  6 rats
56 creatures vanquished.

Vanquished Creatures (others)
  A fulminant prism (D:4)
1 creature vanquished.

Grand Total: 57 creatures vanquished

Notes
Turn   | Place    | Note
-------+----------+-------------------------------------------
     0 | D:1      | RascalDebosk the Deep Elf Conjurer began the quest for the
                  | Orb.
     0 | D:1      | Reached XP level 1. HP: 10/10 MP: 6/6
   601 | D:1      | Found Pitocur's Armour Shoppe.
   759 | D:1      | Reached XP level 2. HP: 15/15 MP: 2/8
   853 | D:1      | Bought a +0 helmet for 54 gold pieces
  1053 | D:2      | Learned a level 2 spell: Searing Ray
  1086 | D:2      | Noticed a great orb of eyes
  1088 | D:2      | Found a faded altar of an unknown god.
  1090 | D:2      | Noticed a shining eye
  1104 | D:2      | Noticed a golden eye
  1117 | D:2      | Noticed a shining eye
  1132 | D:2      | Learned a level 2 spell: Ensorcelled Hibernation
  1449 | D:2      | Reached skill level 1 in Hexes
  1479 | D:2      | Reached skill level 1 in Translocations
  1632 | D:2      | Reached XP level 3. HP: 19/19 MP: 7/9
  1651 | D:2      | Noticed Robin
  1660 | D:2      | Killed Robin
  2162 | D:3      | Found Firogral's Jewellery Shoppe.
  2291 | D:3      | Found Miatyez's Book Emporium.
  2484 | D:3      | Found Obohousu's Armour Shop.
  2588 | D:3      | Found Rezurack's Assorted Antiques.
  2605 | D:3      | Found an iron altar of Okawaru.
  2613 | D:3      | Reached XP level 4. HP: 24/24 MP: 8/11
  2898 | D:3      | Found Feushokh's Distillery.
  3311 | D:4      | Reached skill level 1 in Ice Magic
  3317 | D:4      | Learned a level 4 spell: Fulminant Prism
  3458 | D:4      | Noticed an ogre
  3481 | D:4      | Slain by a river rat

Illustrated notes

Levels and vault maps discovered:
D:1:      saegor_arrival_under_anarchy, layout_loops_corners, serial_shops, shop
D:2:      layout_basic, hellmonk_ecumenical_altar_watching_god, uniq_robin
D:3:      layout_loops_corners, okawaru_gym_becter, serial_shops, shop,
          nicolae_diamond_shop, nicolae_shop_overgrown_old_shop,
          nicolae_shop_statue_plus, nicolae_shop_behind_doors
D:4:      layout_cave_pods, chequers_temple_overflow_statue_of_worship,
          minmay_temple_entry_glass, kennysheep_another_room,
          chequers_serial_rivers_micro_c, dk_rats_in_the_wall

Skill      XL: |  1  2  3  4 |
---------------+-------------+-----
Hexes          | 1 |  1.8
Translocations | 1 |  1.7
Stealth        | 3 |  3.3
Dodging        | 3 |  3.2
Ice Magic      | 1 |  1.2
Spellcasting   | |  3.6
Conjurations   | |  4.9

Action                   |  1- 3 |  4- 6 || total
-------------------------+-------+-------++-------
Melee: Dagger            |    41 |       ||    41
       Short sword       |     2 |    12 ||    14
       Punch             |     1 |       ||     1
 Cast: Magic Dart        |    54 |    13 ||    67
       Ensorcelled Hiber |    18 |     8 ||    26
       Searing Ray       |     1 |     1 ||     2
       Fulminant Prism   |       |     1 ||     1
  Use: Potion            |     1 |       ||     1
       Scroll            |       |     9 ||     9
 Stab: Sleeping          |    11 |     4 ||    15
Armor: Robe              |    44 |     5 ||    49
Dodge: Dodged            |    61 |    16 ||    77
